[Event "*** Titled Tuesday Blitz"]
[Site "Chess.com"]
[Date "2020.05.12"]
[Round "8"]
[White "Tooweak2slow03"]
[Black "crescentmoon2411"]
[Result "1/2-1/2"]
[WhiteElo "2629"]
[BlackElo "2792"]
[TimeControl "180+1"]
[EndTime "11:32:39 PDT"]
[Termination "Game drawn by agreement"]

1. e4 c6 2. Nf3 d5 3. Nc3 dxe4 4.
Nxe4 Nf6 5. Qe2 Nxe4 6. Qxe4 Qd5 7. Qf4 Qf5 8. Qe3 Qe6 9. b3 Qxe3+ 10. fxe3 Bf5 11. d3 Nd7 12. e4 Bg6 13. Bb2 f6 14. Be2 e5 15. Nh4 Bb4+ 16. c3 Bc5 17. O-O-O O-O-O 18. d4 exd4 19. cxd4 Bd6 20. Nxg6 hxg6 21. h3 Rhe8 22. Bf3 c5 23. Kb1 Kb8 24. Rhe1 cxd4 25.
Bxd4 Be5 26. Bf2 Nb6 27. Bxb6 axb6 28. Rxd8+ Rxd8 29. Rd1 Bd4 30. a4 Kc7 31. Rd3 g5 32. Rd1 b5 33. axb5 Kb6 34. Be2 Kc5 35. Bc4 Ra8 36. Rd2 Ra1+ 37. Kc2 b6 38. Kd3 Be5 39. Ke2 Bd4 40. Kd3 Rc1 41. Ke2 Rc3 42. Rd3 Rc2+ 43. Rd2 Rc3 44. Rd3 Rc1 45. Rd1 Rxd1 46. Kxd1 Be5 47.
Ke2 Kd4 48. Kf3 Bd6 1/2-1/2

[Event "*** Titled Tuesday Blitz"]
[Site "Chess.com"]
[Date "2020.05.12"]
[Round "8"]
[White "TregubovP"]
[Black "Supernotar"]
[Result "1/2-1/2"]
[WhiteElo "2550"]
[BlackElo "2752"]
[TimeControl "180+1"]
[EndTime "11:32:39 PDT"]
[Termination "Game drawn by agreement"]

1. e4 c6 2. Nf3 d5 3. Nc3 Bg4 4. h3 Bxf3 5. Qxf3 e6 6. g3 Nf6 7.
Bg2 dxe4 8. Nxe4 Nxe4 9. Qxe4 Nd7 10. d4 Nf6 11. Qd3 Be7 12. O-O O-O 13. c4 Qc7 14.
Bf4 Qb6 15. Rab1 Rad8 16. Rfd1 Rd7 17. b4 Rfd8 18. c5 Qb5 19. Qxb5 cxb5 20. c6 bxc6 21. Bxc6 Rxd4 22. Rxd4 Rxd4 23. Be3 Rxb4 24. Rxb4 Bxb4 25. Bxa7 Nd5 26. Bxb5 f5 27. Bc4 Kf7 28. Kf1 Kf6 29. Ke2 g5 30. Kd3 Ba5 31. Bd4+ e5 32. Bb2 Nb4+ 33.
Ke2 Nc6 34. f4 gxf4 35. gxf4 Bc7 36. a4 Nd4+ 37. Kd3 Nc6 38. Bb5 Ne7 39. fxe5+ Bxe5 40. Bxe5+ Kxe5 41. a5 Nd5 42. a6 Nb4+ 43. Ke3 Nxa6 44. Bxa6 Kf6 45. Kf4 h5 46. h4 Kg7 47. Kxf5 Kh8 1/2-1/2

[Event "*** Titled Tuesday Blitz"]
[Site "Chess.com"]
[Date "2020.05.12"]
[Round "8"]
[White "cassoulet"]
[Black "ristingho"]
[Result "1/2-1/2"]
[WhiteElo "2659"]
[BlackElo "2523"]
[TimeControl "180+1"]
[EndTime "11:32:40 PDT"]
[Termination "Game drawn by repetition"]

1. e4 c6 2. Nc3 d5 3. d4 dxe4 4.
Nxe4 Bf5 5. Nc5 b6 6. Nb3 e6 7.
Nf3 Nf6 8. Bd3 Bxd3 9. Qxd3 Bd6 10. O-O O-O 11. Bg5 Nbd7 12. Rfe1 h6 13. Bh4 Qc7 14. Rad1 Rad8 15. c4 Rfe8 16. Qc2 Be7 17. Bg3 Bd6 18.
Ne5 c5 19. Nxd7 Rxd7 20. dxc5 Bxg3 21. hxg3 bxc5 22. Rxd7 Nxd7 23. Qc3 Rd8 24. Rd1 Nf6 25. Rd3 Rxd3 26. Qxd3 Qe5 27. Qd2 Ng4 28. Nc1 Qh5 29. Qd8+ Kh7 30. Qd3+ g6 31. Qf3 Qh2+ 32. Kf1 Qh1+ 33.
Ke2 Qxc1 34. Qxf7+ Kh8 35. Qf8+ Kh7 36. Qf7+ Kh8 37.
Qe8+ Kh7 38. Qe7+ Kh8 39. Qf8+ Kh7 40. Qf7+ 1/2-1/2

[Event "*** Titled Tuesday Blitz"]
[Site "Chess.com"]
[Date "2020.05.12"]
[Round "8"]
[White "nicolochessit"]
[Black "DaggiGretarsson"]
[Result "1-0"]
[WhiteElo "2432"]
[BlackElo "2557"]
[TimeControl "180+1"]
[EndTime "11:32:40 PDT"]
[Termination "nicolochessit won on time"]

1. d4 d5 2. Nc3 Bf5 3. Bg5 h6 4. Bh4 c6 5. Bg3 Qb6 6. Rb1 Nd7 7. e3 Ngf6 8. Nf3 e6 9. Bd3 Ne4 10. O-O Qa5 11. Bxe4 Bxe4 12. Nxe4 dxe4 13. Nd2 Qxa2 14. Nxe4 Qd5 15. Qf3 Be7 16. b3 Nf6 17. Nxf6+ Bxf6 18.
c4 Qxf3 19. gxf3 Kd7 20. b4 b5 21. Rfc1 Rhc8 22. Rc2 Be7 23. Kf1 a6 24. Ke2 Ra7 25. Kd3 Rca8 26. Ra2 a5 27. cxb5 cxb5 28. bxa5 Rxa5 29.
Rc2 Ra3+ 30. Ke2 Ra2 31. Rc1 b4 32. Kd3 R8a3+ 33. Kc4 b3 34. Rxa2 bxa2 35. Ra1 Kc6 36. e4 Bd8 37. d5+ exd5+ 38. exd5+ Kd7 39. Be5 1-0

[Event "*** Titled Tuesday Blitz"]
[Site "Chess.com"]
[Date "2020.05.12"]
[Round "8"]
[White "Bossche-CM"]
[Black "Riptide27"]
[Result "0-1"]
[WhiteElo "2437"]
[BlackElo "2590"]
[TimeControl "180+1"]
[EndTime "11:32:41 PDT"]
[Termination "Riptide27 won by resignation"]

1. e4 e5 2. Nf3 Nc6 3. Nc3 Nf6 4. d4 exd4 5. Nxd4 Bc5 6. Be3 Bb6 7. Nxc6 bxc6 8.
Bxb6 axb6 9. Bd3 O-O 10. O-O d5 11. e5 Ng4 12. h3 Nxe5 13. Bxh7+ Kxh7 14. Qh5+ Kg8 15.
Qxe5 Re8 16. Qg3 Bf5 17. Rac1 d4 18. Rfd1 Qf6 19. Nb1 Re7 20. a3 Rae8 21. Nd2 Re2 22. Nf3 c5 23. Qxc7 Bxc2 24. Rd2 Rxd2 25. Nxd2 Re2 26.
Nf3 Be4 27. Qg3 Bxf3 28. gxf3 d3 29. Kf1 Qxb2 30. Rd1 Qc2 31. Ra1 Re6 32. Qb8+ Kh7 33. Qf4 d2 34. Kg2 d1=Q 35. Rxd1 Qxd1 36. Qh4+ Rh6 37.
Qe4+ Rg6+ 0-1

[Event "*** Titled Tuesday Blitz"]
[Site "Chess.com"]
[Date "2020.05.12"]
[Round "8"]
[White "mortngabriel"]
[Black "NemtsevIgor"]
[Result "1-0"]
[WhiteElo "2442"]
[BlackElo "2291"]
[TimeControl "180+1"]
[EndTime "11:32:42 PDT"]
[Termination "mortngabriel won by resignation"]

1. e4 c6 2. Nf3 d5 3. d3 Nf6 4.
e5 Nfd7 5. e6 fxe6 6. d4 e5 7.
dxe5 e6 8. Bd3 Be7 9. h4 c5 10. c4 d4 11. Qe2 Nc6 12. a3 Qc7 13. Bf4 a6 14. O-O O-O 15. Qe4 g6 16. h5 Rf5 17.
hxg6 hxg6 18. g4 Nf8 19. gxf5 gxf5 20. Qe2 Ng6 21. Bd2 Bd7 22. Kg2 Kf7 23. Rh1 Rg8 24.
Rh7+ Ke8 25. Kf1 Na5 26. b4 Nb3 27. Ra2 Bc6 28. Rb2 Nxd2+ 29. Nbxd2 b6 30. Ke1 Nf4 31.
Qf1 Qb7 32. Nh4 Bg2 33. Nxg2 Nxg2+ 34. Kd1 Qf3+ 35. Nxf3 1-0

[Event "*** Titled Tuesday Blitz"]
[Site "Chess.com"]
[Date "2020.05.12"]
[Round "8"]
[White "gahryman"]
[Black "Vaathi_Coming"]
[Result "0-1"]
[WhiteElo "2657"]
[BlackElo "2867"]
[TimeControl "180+1"]
[EndTime "11:32:43 PDT"]
[Termination "Vaathi_Coming won by resignation"]

1. d4 Nf6 2. Nf3 g6 3. Bg5 Bg7 4. c3 O-O 5. Nbd2 d5 6. e3 Nbd7 7. Bd3 Re8 8. c4 c5 9. cxd5 Nxd5 10. O-O cxd4 11. exd4 N7f6 12. Ne5 Qb6 13. Nb3 Nd7 14. Nc4 Qd8 15. Qd2 N7b6 16. Nca5 Rb8 17. Rac1 Bf5 18. Bxf5 gxf5 19. Rfe1 Qd6 20. Nc5 Qg6 21. Ncxb7 f4 22. h4 Qf5 23. Rc5 h6 24. Bxh6 Bxh6 25. Re5 Qd7 26. Qd1 Bg7 27. Rg5 f6 28. Rg6 Qf5 29. h5 f3 30. g3 Qxh5 31. Qd3 Kf7 32. Rxg7+ Kxg7 33. Rc6 Rh8 0-1

[Event "*** Titled Tuesday Blitz"]
[Site "Chess.com"]
[Date "2020.05.12"]
[Round "8"]
[White "Aikiigm"]
[Black "Vusatiuk_Vladimir"]
[Result "1-0"]
[WhiteElo "2498"]
[BlackElo "2329"]
[TimeControl "180+1"]
[EndTime "11:32:43 PDT"]
[Termination "Aikiigm won by resignation"]

1. c4 Nf6 2. g3 e5 3. Bg2 h6 4. Nc3 Bb4 5. d3 Bxc3+ 6. bxc3 O-O 7. Nf3 Re8 8. O-O c6 9. a4 d5 10. cxd5 cxd5 11. a5 Nc6 12. Qa4 e4 13. Nd4 Bd7 14. a6 Nxd4 15. Qxd4 b6 16. c4 Bc6 17. c5 exd3 18.
exd3 Nd7 19. Bb2 Qg5 20. h4 Qf6 21. Qxf6 Nxf6 22. Bxf6 gxf6 23. cxb6 axb6 24. Rfb1 b5 25. Rc1 Re6 26. Rc5 Rd6 27. a7 Kf8 28. Rxc6 Rxc6 29.
Bxd5 Rcc8 30. Bxa8 Rxa8 31. Kf1 Ke7 32. Ke2 Kd6 33.
Kd2 Kc5 34. Kc3 b4+ 35. Kb3 Kb5 36. Ra4 Kc5 37. h5 f5 38. Ra5+ Kd4 39. Kxb4 Kxd3 40. Kb5 Ke2 41. Ra2+ Kf3 42. Kb6 Re8 43. Kb7 Re7+ 44.
Kc6 Rxa7 45. Rxa7 Kxf2 46. Ra3 Kg2 47. Kd5 Kh3 48. Ke5 Kg4 49. Ra4+ Kg5 50. Rf4 Kxh5 51.
Rxf5+ Kg4 52. Rxf7 Kxg3 53. Rh7 1-0

[Event "*** Titled Tuesday Blitz"]
[Site "Chess.com"]
[Date "2020.05.12"]
[Round "8"]
[White "aquiles88"]
[Black "dbrankovic68"]
[Result "0-1"]
[WhiteElo "2237"]
[BlackElo "2407"]
[TimeControl "180+1"]
[EndTime "11:32:43 PDT"]
[Termination "dbrankovic68 won by resignation"]

1. e4 c5 2. Nf3 Nc6 3. Bb5 Na5 4. O-O a6 5. Be2 Nf6 6. e5 Nd5 7. c4 Nc7 8. d4 cxd4 9. Nxd4 Nc6 10. Nxc6 dxc6 11.
Qxd8+ Kxd8 12. Rd1+ Ke8 13. b3 g6 14. Bb2 Bg7 15. Nd2 f6 16. exf6 Bxf6 17. Bxf6 exf6 18. Ne4 Ke7 19. Bf3 Ne6 20. Re1 f5 21. Nc5 Kf6 22. Nxe6 Bxe6 23. Rad1 Rad8 24. g3 a5 25. Rxd8 Rxd8 26. Rd1 Rxd1+ 27. Bxd1 Ke5 28. Kf1 Kd4 29. Ke2 Kc3 30. a4 Bd7 31. Ke3 g5 32. h4 h6 33.
f3 b5 34. cxb5 cxb5 35. g4 fxg4 36. hxg5 hxg5 37. fxg4 bxa4 38. bxa4 Bc6 39. Ke2 Kb4 40. Kd3 Bxa4 41. Bxa4 Kxa4 42. Kc4 Ka3 43. Kc3 a4 44. Kc2 Kb4 45. Kb2 Kc4 46. Ka3 Kd4 47. Kxa4 Ke4 48.
Kb4 Kf4 49. Kc4 Kxg4 50. Kd4 Kf3 0-1

[Event "*** Titled Tuesday Blitz"]
[Site "Chess.com"]
[Date "2020.05.12"]
[Round "8"]
[White "igorcadilhac"]
[Black "top_bu_tz"]
[Result "1-0"]
[WhiteElo "2346"]
[BlackElo "2212"]
[TimeControl "180+1"]
[EndTime "11:32:43 PDT"]
[Termination "igorcadilhac won by checkmate"]

1. e4 e5 2. Nf3 Nc6 3. Nc3 Nf6 4.
Bb5 d6 5. O-O Be7 6. d4 exd4 7.
Nxd4 Bd7 8. Bxc6 bxc6 9. Qf3 c5 10. Nf5 O-O 11. Bg5 h6 12. Bh4 Rb8 13. b3 Re8 14.
Rae1 Bxf5 15. exf5 Nd7 16. Bxe7 Rxe7 17. Nd5 Re5 18.
c4 c6 19. Ne3 Qc7 20. Ng4 Ree8 21. f6 Ne5 22. Rxe5 Rxe5 23. fxg7 f5 24. Nxe5 dxe5 25. Qxf5 Qxg7 26. Re1 Re8 27. Qh5 Re7 28. Qf3 e4 29. Qg3 Qxg3 30. hxg3 Kf7 31. f3 e3 32. Kf1 Rd7 33.
Rxe3 Rd2 34. Re2 Rd1+ 35. Kf2 Kf6 36. g4 Kg5 37. Re5+ Kf6 38. Rxc5 Rd2+ 39. Kg3 Rxa2 40. Rxc6+ Kg5 41. f4# 1-0

[Event "*** Titled Tuesday Blitz"]
[Site "Chess.com"]
[Date "2020.05.12"]
[Round "8"]
[White "Yuri202062"]
[Black "Harsha_Bharathakoti"]
[Result "0-1"]
[WhiteElo "2480"]
[BlackElo "2795"]
[TimeControl "180+1"]
[EndTime "11:32:44 PDT"]
[Termination "Harsha_Bharathakoti won by resignation"]

1. d4 d5 2. c4 e6 3. Nc3 c6 4. e3 Nf6 5. Nf3 Nbd7 6. Bd3 dxc4 7. Bxc4 b5 8. Bd3 Bd6 9. O-O O-O 10. Bd2 Qe7 11. Rc1 Bb7 12. a3 e5 13. Qc2 Rfe8 14.
Ng5 h6 15. Nge4 Bb8 16. h3 a5 17. Rce1 b4 18. axb4 axb4 19. Nxf6+ Nxf6 20. Ne4 Nxe4 21. Bxe4 Bd6 22. Bxc6 Rec8 23. d5 Bxc6 24. dxc6 Ra6 25. Rc1 Qc7 26. Qf5 g6 27. Qf6 Be7 28. Qf3 Rxc6 29.
Rxc6 Qxc6 30. Rc1 Qd7 31. Rxc8+ Qxc8 32. Qd5 Qc2 33. b3 e4 34. Kf1 Qd1+ 35. Be1 Qxd5 0-1

[Event "*** Titled Tuesday Blitz"]
[Site "Chess.com"]
[Date "2020.05.12"]
[Round "8"]
[White "Kimster98"]
[Black "Bacyanide"]
[Result "1-0"]
[WhiteElo "2568"]
[BlackElo "2418"]
[TimeControl "180+1"]
[EndTime "11:32:45 PDT"]
[Termination "Kimster98 won on time"]

1. d4 d5 2. Nf3 Nf6 3. Bf4 c5 4. e3 Nc6 5. Nbd2 Qb6 6. dxc5 Qxb2 7. Rb1 Qc3 8. Bb5 e6 9. O-O Be7 10. Ne5 O-O 11. Nxc6 bxc6 12. Bxc6 Ba6 13. Bxa8 Rxa8 14. Rb3 Qxc5 15. Re1 Rc8 16. c3 h6 17. Be5 Nd7 18. Bd4 Qc7 19. e4 e5 20. exd5 exd4 21. Rxe7 dxc3 22. Ne4 c2 23. Qc1 Qf4 24. Re3 Nb6 25.
d6 Nd5 26. d7 Nxe7 27. dxc8=Q+ Bxc8 28. Qxc2 Be6 29. Nc5 Nd5 30. Nxe6 fxe6 31. Re1 Kf7 32. Qe4 Qg5 33. Qxe6+ 1-0

[Event "*** Titled Tuesday Blitz"]
[Site "Chess.com"]
[Date "2020.05.12"]
[Round "8"]
[White "Rhinos1"]
[Black "eightbyeightchess"]
[Result "1-0"]
[WhiteElo "2213"]
[BlackElo "2375"]
[TimeControl "180+1"]
[EndTime "11:32:45 PDT"]
[Termination "Rhinos1 won by resignation"]

1. e4 e6 2. d3 d5 3. Nd2 Ne7 4. g3 g6 5. Bg2 Bg7 6. f4 O-O 7.
Ngf3 b6 8. O-O Bb7 9. Re1 Nd7 10. c3 Nc5 11. Qc2 dxe4 12. dxe4 Nd3 13. Re3 Nxc1 14. Rxc1 Qe8 15. Nh4 Rd8 16. Ndf3 Qb5 17. Rce1 Rd7 18. a4 Qh5 19. Ng5 Rfd8 20. Bf3 Qh6 21. R3e2 Bf6 22. e5 Bxg5 23. fxg5 Qxg5 24. Bxb7 Rd2 25.
Qe4 Rxe2 26. Rxe2 Qc1+ 27. Kg2 Rd1 28. Qe3 Qa1 29. Rf2 Qxa4 30. Qf3 Nf5 31. Nxf5 gxf5 32. Bc6 Qc4 33. Qxd1 Qxc6+ 34. Qf3 Qb5 35. Rd2 Kf8 36.
Qf4 Qc6+ 37. Kh3 Ke8 38. Qg5 1-0

[Event "*** Titled Tuesday Blitz"]
[Site "Chess.com"]
[Date "2020.05.12"]
[Round "8"]
[White "zivicd"]
[Black "dosto07"]
[Result "0-1"]
[WhiteElo "2237"]
[BlackElo "2136"]
[TimeControl "180+1"]
[EndTime "11:32:45 PDT"]
[Termination "dosto07 won on time"]

1. e4 e5 2. Nf3 Nc6 3. d4 exd4 4. Nxd4 Nf6 5. Nxc6 bxc6 6. e5 Qe7 7. Qe2 Nd5 8.
h4 d6 9. c4 Nb6 10. exd6 Qxe2+ 11. Bxe2 cxd6 12. Nc3 Be6 13. b3 Be7 14. Bb2 a5 15. O-O-O O-O 16. Bf3 Rfc8 17. Ne4 d5 18. Ng5 a4 19. Nxe6 fxe6 20. Bg4 Rd8 21. Bxe6+ Kf8 22. Rh3 axb3 23. Rf3+ Bf6 24. axb3 Ke7 25. Bxf6+ gxf6 26. Re1 Ra1+ 27. Kd2 Rxe1 28. Kxe1 Kxe6 29. Re3+ Kd6 30. Rf3 Rf8 31. Rf4 dxc4 32. bxc4 Kc5 33. g4 Nxc4 34.
Kf1 Ne5 35. g5 Kd6 36. gxf6 Ke6 37. Re4 Rxf6 38. f4 Rf5 0-1

[Event "*** Titled Tuesday Blitz"]
[Site "Chess.com"]
[Date "2020.05.12"]
[Round "8"]
[White "Efremov_Vlad"]
[Black "manuellarrea"]
[Result "1-0"]
[WhiteElo "2134"]
[BlackElo "2184"]
[TimeControl "180+1"]
[EndTime "11:32:46 PDT"]
[Termination "Efremov_Vlad won on time"]

1. c4 Nf6 2. Nf3 g6 3. g3 Bg7 4. Bg2 O-O 5. O-O d6 6. d4 a6 7. Nc3 Nc6 8. Bf4 e6 9. Rc1 Rb8 10. Qd2 Ne7 11. b4 b5 12. c5 Ned5 13. Nxd5 exd5 14. Bg5 Re8 15. Rfe1 Bf5 16. h3 Qd7 17. Bxf6 Bxf6 18. g4 Be4 19. Qf4 Bg7 20. h4 Re7 21. h5 Rbe8 22. h6 Bh8 23. e3 f6 24. Qg3 Ra8 25. Nh4 Bxg2 26. Nxg2 a5 27. a3 axb4 28. axb4 Ra4 29. Rb1 dxc5 30. bxc5 c6 31. Nf4 Re8 32. g5 1-0

[Event "*** Titled Tuesday Blitz"]
[Site "Chess.com"]
[Date "2020.05.12"]
[Round "8"]
[White "Tsyhanchuk_Stanislav"]
[Black "PauloCesarCosta_sad"]
[Result "1/2-1/2"]
[WhiteElo "2512"]
[BlackElo "2196"]
[TimeControl "180+1"]
[EndTime "11:32:47 PDT"]
[Termination "Game drawn by repetition"]

1. d4 d5 2. c4 c6 3. Nc3 e6 4. e3 Nf6 5. Nf3 Nbd7 6. Bd3 Bd6 7. e4 dxe4 8. Nxe4 Nxe4 9. Bxe4 e5 10. O-O exd4 11.
Nxd4 Nf6 12. Bc2 O-O 13. h3 Re8 14. Bg5 Be5 15. Nf3 Qxd1 16. Raxd1 Bxb2 17. Rd6 h6 18. Bh4 Ne4 19. Bxe4 Rxe4 20. Rd8+ Kh7 21. Rfd1 Rxc4 22. Rf8 g5 23. Bg3 f5 24. Rdd8 f4 25. Rxc8 Rxc8 26.
Rxc8 fxg3 27. fxg3 Kg6 28. Rc7 b5 29. g4 a5 30. h4 gxh4 31. Nxh4+ Kg5 32. Nf3+ Kg6 33.
Nh4+ Kg5 34. Nf3+ Kg6 35. Nh4+ 1/2-1/2

[Event "*** Titled Tuesday Blitz"]
[Site "Chess.com"]
[Date "2020.05.12"]
[Round "8"]
[White "freshfoodcompany"]
[Black "fish7728"]
[Result "0-1"]
[WhiteElo "2232"]
[BlackElo "2068"]
[TimeControl "180+1"]
[EndTime "11:32:47 PDT"]
[Termination "fish7728 won by checkmate"]

1. d4 d5 2. c4 c6 3. Nc3 Nf6 4. Nf3 e6 5. Bg5 h6 6. Bh4 g5 7. Bg3 dxc4 8. e4 b5 9. Be2 Nbd7 10. h4 g4 11. Ne5 Nxe5 12. Bxe5 h5 13. O-O Be7 14. Qc2 Rg8 15. Rad1 Nd7 16. g3 Nxe5 17.
dxe5 Qc7 18. a4 a6 19. axb5 cxb5 20. Ra1 Bb7 21. b3 Qxe5 22. bxc4 Bxh4 23. gxh4 g3 24.
f4 Qf6 25. Bf3 Qxf4 26. cxb5 Qxh4 27. bxa6 Bxa6 28. e5 Qd4+ 29. Kg2 Bxf1+ 30. Rxf1 Rc8 31. Qh7 Rf8 32. Nb5 Rc2+ 33. Kxg3 Qxe5+ 34. Kh3 Qh2# 0-1

[Event "*** Titled Tuesday Blitz"]
[Site "Chess.com"]
[Date "2020.05.12"]
[Round "8"]
[White "DonBroca"]
[Black "Sesleria"]
[Result "0-1"]
[WhiteElo "2187"]
[BlackElo "1985"]
[TimeControl "180+1"]
[EndTime "11:32:47 PDT"]
[Termination "Sesleria won on time"]

1. e4 e5 2. Nf3 Nc6 3. Bb5 a6 4. Ba4 Nf6 5. O-O Be7 6. Re1 b5 7. Bb3 d6 8. c3 O-O 9. h3 Nb8 10.
d4 Nbd7 11. Nbd2 Bb7 12. Bc2 Re8 13. Nf1 Bf8 14. Bg5 h6 15. Bh4 g6 16. g4 g5 17.
Bg3 Bg7 18. Qd2 Qe7 19. Rad1 Rad8 20. d5 Nf8 21. Ne3 Bc8 22. Kh2 Ng6 23. Rg1 Nf4 24. Nf5 Bxf5 25. gxf5 c5 26. a4 Qc7 27. h4 Nh7 28. Bxf4 exf4 29. hxg5 hxg5 30. Nxg5 Nxg5 31. Rxg5 Kf8 32. Rdg1 Bf6 33. R5g4 Ke7 34. axb5 Rh8+ 35. Kg2 axb5 36. Ra1 Rdg8 37. Rxg8 Rxg8+ 38. Kf3 Be5 39.
Ra6 Kf6 40. Ke2 f3+ 41. Kxf3 Rh8 42. Ke2 Qc8 43. Ra7 Qg8 44. Qe3 Qg4+ 45. Qf3 Qg1 0-1

[Event "*** Titled Tuesday Blitz"]
[Site "Chess.com"]
[Date "2020.05.12"]
[Round "8"]
[White "Borsuk_Konstantin"]
[Black "yobdc"]
[Result "1-0"]
[WhiteElo "2650"]
[BlackElo "1917"]
[TimeControl "180+1"]
[EndTime "11:32:49 PDT"]
[Termination "Borsuk_Konstantin won by checkmate"]

1. d4 Nf6 2. c4 e6 3. Nc3 Bb4 4. Qc2 O-O 5. a3 Bxc3+ 6. Qxc3 b6 7. Bg5 Bb7 8. f3 h6 9. Bh4 d5 10. cxd5 Nxd5 11. Bxd8 Nxc3 12. Bh4 Nd5 13. Bf2 Nd7 14. e4 Ne7 15. Bb5 c6 16. Ba4 Rfd8 17. Ne2 Rac8 18.
O-O-O c5 19. Bxd7 Rxd7 20. dxc5 Rdc7 21. b4 bxc5 22. Bxc5 Bc6 23. Nc3 f5 24. exf5 Nxf5 25. Kb2 Nh4 26. Rd2 Nxg2 27. Rxg2 Bxf3 28. Rhg1 Bxg2 29.
Rxg2 Rd7 30. Kb3 Kf7 31. Kc4 g5 32. Rf2+ Kg6 33. Ne4 Rd1 34. Rf3 Rh1 35. Rf6+ Kh7 36.
Rf2 Kg6 37. a4 g4 38. a5 a6 39. Rf6+ Kg7 40. Rxe6 Rxh2 41. Rxa6 h5 42. Kd5 h4 43. Bd4+ Kg8 44. Nf6+ Kf7 45. Ra7+ Kg6 46. Nxg4 Rd2 47. Ne5+ Kf5 48. Rf7+ Kg5 49. Ke4 Re8 50. Be3+ Kh5 51.
Rf5# 1-0

[Event "*** Titled Tuesday Blitz"]
[Site "Chess.com"]
[Date "2020.05.12"]
[Round "8"]
[White "djano"]
[Black "HaryKane"]
[Result "0-1"]
[WhiteElo "2449"]
[BlackElo "2610"]
[TimeControl "180+1"]
[EndTime "11:32:49 PDT"]
[Termination "HaryKane won by resignation"]

1. d4 e6 2. Nf3 f5 3. Bf4 Nf6 4. Qd3 b6 5. g3 Bb7 6. Bg2 Be7 7.
O-O O-O 8. c4 a5 9. Nc3 Na6 10.
Ne5 Bxg2 11. Kxg2 Qe8 12. Qf3 d6 13. Nc6 Nb4 14. Nxe7+ Qxe7 15. a3 Nc2 16. Rad1 Nxd4 17. Rxd4 e5 18. Rd2 exf4 19. Qxf4 Ne4 20. Nxe4 fxe4 21.
Qe3 Rae8 22. Rd5 Qf6 23. b3 Re7 24. Qg5 Qe6 25. e3 Ref7 26. Rd4 Rf5 27. Qh4 Qf7 28. Rd2 Qg6 29. Qh3 Qf6 30. Qg4 Qc3 31. Re2 Qxb3 32. Qxe4 Qxa3 33. f4 Qc5 34. g4 R5f7 35. f5 h6 36. Qd5 Qxd5+ 37. cxd5 Re7 38. e4 Rb8 39. Ra1 Kf7 40. Kf3 Kf6 41. h4 Ke5 42. g5 hxg5 43.
hxg5 Rh8 44. Kg4 Ree8 45. Rf1 a4 46. f6 gxf6 47. Rf5+ Kd4 48. gxf6 Rxe4+ 49. Rxe4+ Kxe4 50. Rf4+ Kxd5 51. Kf5 b5 52. f7 Rf8 53. Kg6 a3 54. Kg7 Rxf7+ 55. Kxf7 c5 56. Ke7 b4 0-1

[Event "*** Titled Tuesday Blitz"]
[Site "Chess.com"]
[Date "2020.05.12"]
[Round "8"]
[White "Playgood28"]
[Black "AquivaRubinstein"]
[Result "1-0"]
[WhiteElo "2266"]
[BlackElo "2401"]
[TimeControl "180+1"]
[EndTime "11:32:49 PDT"]
[Termination "Playgood28 won on time"]

1. d4 Nf6 2. c4 c5 3. d5 e6 4. Nc3 exd5 5. cxd5 d6 6. e4 g6 7. f4 Bg7 8. Bb5+ Nbd7 9. a4 O-O 10. Nf3 Re8 11.
e5 dxe5 12. fxe5 Ng4 13. e6 fxe6 14. O-O e5 15. d6 e4 16. Qd5+ Kh8 17. Ng5 Bd4+ 18.
Kh1 Nge5 19. Ncxe4 a6 20. Bxd7 Bxd7 21. Nf7+ Nxf7 22.
Qxf7 Rxe4 23. Bh6 Rh4 24. Qe7 Qxe7 25. dxe7 Bg7 26. Rf8+ Bxf8 27. exf8=Q+ Rxf8 28. Bxf8 c4 29. g3 Bc6+ 30. Kg1 1-0

[Event "*** Titled Tuesday Blitz"]
[Site "Chess.com"]
[Date "2020.05.12"]
[Round "8"]
[White "Klavdia_Nik"]
[Black "CroissantNeuf"]
[Result "0-1"]
[WhiteElo "2098"]
[BlackElo "2351"]
[TimeControl "180+1"]
[EndTime "11:32:49 PDT"]
[Termination "CroissantNeuf won by resignation"]

1. Nf3 Nf6 2. c4 e6 3. b3 c5 4.
Bb2 Be7 5. g3 b6 6. Bg2 Bb7 7.
O-O O-O 8. d4 cxd4 9. Qxd4 d6 10. Nc3 a6 11. e4 Nbd7 12. Qe3 Re8 13. Nd4 Rc8 14. h3 Qc7 15. Rad1 Bf8 16. Kh2 d5 17. cxd5 exd5 18. e5 Nxe5 19. Qd2 Ne4 20. Nxe4 dxe4 21.
Nf5 Re6 22. Bd4 Nf3+ 23. Bxf3 exf3 24. Rc1 Qd8 25. Rxc8 Bxc8 26. Qc3 Rg6 27. Nh4 Qd7 28. g4 Bd6+ 29. Kh1 Rxg4 30. Be5 Rxh4 31. Bg3 Qxh3+ 0-1

[Event "*** Titled Tuesday Blitz"]
[Site "Chess.com"]
[Date "2020.05.12"]
[Round "8"]
[White "Usurpov"]
[Black "nitpicker"]
[Result "1-0"]
[WhiteElo "2429"]
[BlackElo "2266"]
[TimeControl "180+1"]
[EndTime "11:32:49 PDT"]
[Termination "Usurpov won on time"]

1. e4 e6 2. d4 d5 3. e5 c5 4. c3 Qb6 5. Nf3 Bd7 6. a3 cxd4 7. cxd4 Ne7 8. Nc3 a6 9. Bd3 Nbc6 10. Bc2 Na5 11.
O-O h6 12. Ra2 Rc8 13. h4 Qd8 14. g3 b5 15. Ne2 Nf5 16. Nf4 Bc6 17. Kg2 Be7 18.
Bd2 Nc4 19. Bb4 a5 20. Bxe7 Qxe7 21. Bxf5 exf5 22. e6 O-O 23. Re1 Qd6 24. exf7+ Rxf7 25. h5 Re8 26. b3 Nb6 27. Rxe8+ Bxe8 28. Qe1 Re7 29. Qxa5 Nc8 30. Rc2 Ra7 31. Qb4 Qxb4 32. axb4 Nb6 33. Rc5 Ra3 34. Ne5 Rxb3 35. Rc7 1-0

[Event "*** Titled Tuesday Blitz"]
[Site "Chess.com"]
[Date "2020.05.12"]
[Round "8"]
[White "SaySpade4VIP"]
[Black "Sychev_Klementy"]
[Result "0-1"]
[WhiteElo "2667"]
[BlackElo "2868"]
[TimeControl "180+1"]
[EndTime "11:32:50 PDT"]
[Termination "Sychev_Klementy won by resignation"]

1. e4 e5 2. Nf3 Nc6 3. Bc4 Nf6 4. d3 Bc5 5. O-O O-O 6. c3 d5 7. exd5 Nxd5 8. a4 a5 9. Nbd2 Nb6 10. Bb5 Bd6 11. Re1 Bg4 12. h3 Bh5 13. Ne4 Na7 14.
Ng3 Bg6 15. Ne4 c6 16. Nxd6 Qxd6 17. Bc4 Nxc4 18. dxc4 Qxd1 19. Rxd1 f6 20. Be3 Bf5 21. Rd2 Be6 22. b3 Nc8 23. Rad1 Kf7 24. Rb2 Ne7 25. Bb6 Ra6 26. c5 Nd5 27. c4 Nxb6 28. cxb6 Rxb6 29. Nd2 Rd8 30. Kf1 Rb4 31. Ke2 b5 32. axb5 cxb5 33.
cxb5 a4 34. Rdb1 Bf5 35. Ra1 axb3 36. Nxb3 Rxb5 37. Ra7+ Kg6 38. Raa2 Rdb8 39. Kd2 Rxb3 0-1

[Event "*** Titled Tuesday Blitz"]
[Site "Chess.com"]
[Date "2020.05.12"]
[Round "8"]
[White "HanSchut"]
[Black "Kostya26"]
[Result "0-1"]
[WhiteElo "2221"]
[BlackElo "2398"]
[TimeControl "180+1"]
[EndTime "11:32:50 PDT"]
[Termination "Kostya26 won by resignation"]

1. e4 c5 2. Nf3 Nc6 3. d4 cxd4 4. Nxd4 e5 5. Nb5 d6 6. N1c3 a6 7. Na3 b5 8. Nd5 Nce7 9. c4 Nxd5 10. exd5 bxc4 11. Nxc4 Nf6 12. Be3 Be7 13. Nb6 Rb8 14. Qa4+ Bd7 15. Qxa6 O-O 16. Be2 Ng4 17. Bxg4 Bxg4 18.
O-O f5 19. f3 Bh5 20. Qa7 Rf7 21. Qa6 Bh4 22. Rfc1 f4 23. Bf2 Bxf2+ 24. Kxf2 Qxb6+ 25. Qxb6 Rxb6 26. Rc8+ Rf8 27. Rc6 Rxb2+ 28. Kf1 Ra8 29. a4 Be8 30. Rxd6 Rxa4 31. Rxa4 Bxa4 32. Re6 Bb5+ 33.
Kg1 Re2 34. h4 Kf7 35. Rb6 Bd7 36. Rb7 Ke7 37. Rb6 Rd2 38. d6+ Rxd6 39. Rb7 Rh6 0-1

[Event "*** Titled Tuesday Blitz"]
[Site "Chess.com"]
[Date "2020.05.12"]
[Round "8"]
[White "Nastya_Rakhmangulova"]
[Black "Grandmaster2B"]
[Result "1-0"]
[WhiteElo "2298"]
[BlackElo "2452"]
[TimeControl "180+1"]
[EndTime "11:32:50 PDT"]
[Termination "Nastya_Rakhmangulova won on time"]

1. e4 c5 2. Nf3 d6 3. d4 cxd4 4.
Nxd4 Nf6 5. Nc3 a6 6. Bg5 e6 7. f4 Be7 8. Qf3 Qc7 9. O-O-O Nbd7 10. Bd3 h6 11. Bxf6 Nxf6 12. Rhe1 b5 13. e5 Bb7 14.
Qh3 dxe5 15. fxe5 Nd7 16. Nxe6 fxe6 17. Bg6+ Kd8 18. Qxe6 Qc6 19. Rxd7+ Qxd7 20. Rd1 Qxd1+ 21. Kxd1 Bc8 22. Qd5+ Kc7 23. Qf7 Kd8 24. Nd5 Bg4+ 25. Kc1 Ra7 26. Qf2 Rb7 27. Nxe7 Rxe7 28. Qd4+ Bd7 29.
Qb6+ Kc8 30. Be4 Bg4 31. Qxa6+ Kd7 32. Qd6+ Ke8 33. Bg6+ Rf7 34. e6 1-0